 Dungeon Crawl Stone Soup version 0.25.0-9-g26727b657a (webtiles) character file.

Game seed: 12328993309627486285

1477 funkygono the Shield-Bearer (level 8, -6/48 HPs)
             Began as a Gargoyle Fighter on June 21, 2020.
             Mangled by an orc warrior
             ... wielding a +0 hand axe
              (10 damage)
             ... on level 5 of the Dungeon.
             The game lasted 00:12:43 (6271 turns).

funkygono the Shield-Bearer (Gargoyle Fighter)      Turns: 6271, Time: 00:12:44

Health: -6/48      AC: 15    Str: 20    XL:     8   Next: 78%
Magic:  8/8        EV: 10    Int: 11    God:
Gold:   338        SH: 10    Dex:  9    Spells: 7/7 levels left

rFire    + . .     SeeInvis .   t - +3 whip (pain)
rCold    . . .     Gourm    .   c - +0 kite shield
rNeg     + . .     Faith    .   r - +1 ring mail {rPois}
rPois    ∞         Spirit   .   w - +1 helmet
rElec    +         Reflect  .   (no cloak)
rCorr    .         Harm     .   (no gloves)
MR       .....                  (no boots)
Stlth    +.........             (no amulet)
HPRegen  0.16/turn              q - ring of protection from fire
MPRegen  0.11/turn              (no ring)

@: no status effects
A: negative energy resistance 1, electricity resistance, unbreathing,
petrification resistance, rot immunity, AC +5
a: no special abilities


You were on level 5 of the Dungeon.
You were very hungry.

You visited 1 branch of the dungeon, and saw 6 of its levels.

You collected 338 gold pieces.

Inventory:

Hand Weapons
 a - a +1 flail
 t - a +3 whip of pain (weapon)
Missiles
 l - 201 stones (quivered)
Armour
 b - a +0 scale mail
 c - a +0 kite shield (worn)
 r - a +1 ring mail of poison resistance (worn)
 w - a +1 helmet (worn)
Magical Staves
 n - an uncursed staff of air
Jewellery
 q - a ring of protection from fire (left hand)
Wands
 j - a wand of flame (12)
 k - a wand of enslavement (25)
Scrolls
 g - 2 scrolls of teleportation
 i - 3 scrolls of remove curse
 y - 4 scrolls of identify
Potions
 d - 4 potions of might
 e - 2 potions of lignification
 m - 2 potions of invisibility
 o - 4 potions of brilliance
 p - a potion of stabbing
 s - 2 potions of curing
 u - 2 potions of resistance
 v - 2 potions of cancellation
 z - a potion of heal wounds
Comestibles
 f - 12 rations


   Skills:
 + Level 4.4 Fighting
 + Level 6.3 Maces & Flails
 * Level 6.4 Armour
 + Level 2.2 Dodging
 + Level 0.7 Stealth
 * Level 7.0 Shields


You had 7 spell levels left.
You didn't know any spells.
Your spell library was empty.

Dungeon Overview and Level Annotations

Branches:
Dungeon (6/15)
 Temple: D:4-7

Altars:
Kikubaaqudgha
Qazlal

Annotations:
D:6 Prince Ribbit


Innate Abilities, Weirdness & Mutations

You are resistant to torment.
Your stone body is resilient. (AC +5)
You are immune to poison.
You resist negative energy. (rN+)
You are resistant to electric shocks. (rElec)
You can survive without breathing.
You are immune to petrification.
You are immune to rotting.


Message History

You hit the orc warrior.
The orc warrior is almost dead.
The orc warrior hits you with a +0 hand axe!
* * * LOW HITPOINT WARNING * * *
You barely miss the orc warrior.
The orc warrior is almost dead.
The orc warrior hits you with a +0 hand axe.
* * * LOW HITPOINT WARNING * * *
You closely miss the orc warrior.
The orc warrior is almost dead.
You closely miss the orc warrior.
The orc warrior is almost dead.
The orc warrior closely misses you.
You closely miss the orc warrior.
The orc warrior is almost dead.
The orc warrior hits you but does no damage.
You closely miss the orc warrior.
The orc warrior is almost dead.
The orc warrior hits you with a +0 hand axe!
You die...

#......## #.........# #.#
###.......# ###.#.###.# #.#
##.##.###.# #.#<# #.# #.#
##.##.#.#.# #.#+###.# #.#
##.##..#..# #.......# #.#
##.##...#.# ##.....### #####.##
#........# ##.......## #......#
######...####..o......####.....)#
............+...@.....'.).......#
######.#.####.........###.......#
#.###..###.......###.........
##.#.#.# ##.....## ##.......#
##.##.# ##...## ##.....## ####.#
##'## ##....# #.# #.# ##.#.# #.#
#.# ###.# #.# ##.## #.#


You could see an orc warrior.

Vanquished Creatures
  Eustachio (D:4)
  Duvessa (D:4)
  A sky beast (D:5)
  An ice beast (D:5)
  2 centaurs
  A bullfrog (D:6)
  Dowan (D:4)
  A scorpion (D:5)
  A howler monkey (D:4)
  3 crimson imps
  An orc priest (D:3)
  3 orc wizards (D:5)
  A jelly (D:3)
  Jessica (D:3)
  A centaur skeleton (D:5)
  Ijyb (D:3)
  A worker ant (D:4)
  A hound skeleton (D:4)
  Robin (D:3)
  7 gnolls (D:3)
  11 adders
  3 oozes
  2 worms
  A dart slug (D:1)
  6 leopard geckos
  11 orcs
  8 bats
  4 giant cockroaches
  14 goblins
  14 hobgoblins
  7 jackals
  3 quokkas
  4 frilled lizards
  7 kobolds
  A leopard gecko skeleton (D:4)
  A quokka zombie (D:5)
  9 rats
137 creatures vanquished.

Vanquished Creatures (others)
  A human (D:2)
  An orc wizard (D:5)
2 creatures vanquished.

Grand Total: 139 creatures vanquished

Notes
Turn   | Place    | Note
-------+----------+-------------------------------------------
     0 | D:1      | funkygono the Gargoyle Fighter began the quest for the Orb.
     0 | D:1      | Reached XP level 1. HP: 14/14 MP: 1/1
   144 | D:1      | Reached XP level 2. HP: 19/19 MP: 2/2
   439 | D:1      | Reached XP level 3. HP: 22/23 MP: 3/3
   992 | D:2      | Reached skill level 4 in Shields
  1008 | D:2      | Reached XP level 4. HP: 27/28 MP: 4/4
  1450 | D:2      | Found an ancient bone altar of Kikubaaqudgha.
  1451 | D:2      | Noticed a human
  1453 | D:2      | Killed a human
  1566 | D:2      | Reached XP level 5. HP: 29/32 MP: 5/5
  1698 | D:3      | Reached skill level 1 in Dodging
  2163 | D:3      | Noticed Ijyb
  2171 | D:3      | Killed Ijyb
  2171 | D:3      | Reached skill level 5 in Shields
  2171 | D:3      | Reached XP level 6. HP: 36/38 MP: 6/6
  2799 | D:3      | Noticed Robin
  2844 | D:3      | Killed Robin
  2924 | D:3      | Noticed Jessica
  2935 | D:3      | Killed Jessica
  3391 | D:4      | Reached skill level 5 in Armour
  3424 | D:4      | Noticed Eustachio
  3466 | D:4      | Killed Eustachio
  3466 | D:4      | Reached XP level 7. HP: 26/42 MP: 7/7
  3916 | D:4      | Reached skill level 6 in Shields
  4260 | D:4      | Noticed Duvessa
  4260 | D:4      | Noticed Dowan
  4299 | D:4      | Killed Duvessa
  4310 | D:4      | Killed Dowan
  4310 | D:4      | Reached XP level 8. HP: 20/48 MP: 8/8
  4812 | D:5      | Entered Level 5 of the Dungeon
  4893 | D:5      | Reached skill level 5 in Maces & Flails
  5873 | D:5      | Found a stormy altar of Qazlal.
  5932 | D:5      | Reached skill level 7 in Shields
  6257 | D:6      | Noticed Prince Ribbit
  6271 | D:5      | Mangled by an orc warrior

Illustrated notes

Levels and vault maps discovered:
D:1:      dpeg_arrival_lava_altar, layout_rooms, serial_glass, glass_columns_a,
          glass_columns_c, glass_columns_a, glass_columns_b, glass_columns_a,
          glass_columns_a, supply_closet_lemuel
D:2:      layout_rooms, tgw_kikubaaqudgha
D:3:      layout_loops_corners, uniq_ijyb, uniq_jessica, uniq_robin
D:4:      layout_basic, uniq_duvessa, uniq_eustachio
D:5:      layout_loops_corners, first_ration, nicolae_qazlal_eye_of_the_storm
D:6:      layout_loops_ring, tgw_fedhas, uniq_prince_ribbit1

Skill      XL: |  1  2  3  4  5  6  7  8 |
---------------+-------------------------+-----
Shields        | 4 5 6 7 |  7.0
Armour         | 4 5 6 |  6.4
Maces & Flails | 3 4 6 |  6.3
Dodging        | 1 2 |  2.2
Fighting       | 4 |  4.4
Stealth        | |  0.7

Action                   |  1- 3 |  4- 6 |  7- 9 || total
-------------------------+-------+-------+-------++-------
Melee: Flail             |   147 |   182 |       ||   329
       Whip              |       |   120 |   349 ||   469
  Use: Scroll            |     4 |    10 |     2 ||    16
       Potion            |       |     3 |       ||     3
  Eat: Chunk             |     1 |     8 |     5 ||    14
       Ration            |       |       |     1 ||     1
Armor: Scale mail        |    82 |    62 |       ||   144
       Skin              |       |     5 |       ||     5
       Ring mail         |       |    64 |   125 ||   189
Dodge: Dodged            |    61 |   108 |    72 ||   241
Block: Kite shield       |   103 |   154 |   131 ||   388
